 Dungeon Sprint DCSS version 0.21.1-1-g345015fe64 (webtiles) character file.

2986 Groucho the Unseen (level 9, -2/102 HPs)
             Began as an Octopode Assassin on Apr 15, 2018.
             Was a Believer of Trog.
             Slain by an unseen horror (4 damage)
             ... in the Dungeon (Sprint I: "Red Sonja").
             The game lasted 00:03:29 (1011 turns).

Groucho the Unseen (Octopode Assassin)              Turns: 1011, Time: 00:03:29

Health: -2/102     AC:  1    Str: 16    XL:     9   Next: 83%
Magic:  9/9        EV: 20    Int: 13    God:    Trog [**....]
Gold:   649        SH:  0    Dex: 16    Spells: 8/8 levels left

rFire    . . .     SeeInvis .   a - +2 dagger
rCold    . . .     Gourm    .   (no shield)
rNeg     . . .     Faith    .   (helmet restricted)
rPois    .         Spirit   .   (no amulet)
rElec    .         Reflect  .   (no ring)
rCorr    .         Harm     .   (no ring)
MR       ++...     NoTele   +   (no ring)
Stlth    ..........             (no ring)
HPRegen  1.27/turn              (no ring)
MPRegen  0.11/turn              (no ring)
                                (no ring)
                                (no ring)

@: berserking, regenerating, very quick
A: almost no armour, stealthy swim, amphibious, 8 rings, constrict 8, camouflage
1, gelatinous body 1
a: Berserk, Trog's Hand, Burn Spellbooks, Renounce Religion


You were in the Dungeon.
You worshipped Trog.
Trog was pleased with you.
You were not hungry.

You visited 1 branch You collected 649 gold pieces.

Inventory:

Hand Weapons
 a - a +2 dagger (weapon)
 b - a +0 blowgun
Missiles
 c - 8 poisoned needles
 d - 2 curare-tipped needles
 m - 23 stones (quivered)
Wands
 l - a wand of flame (34)
Potions
 e - a potion of curing
 i - 2 potions of magic


   Skills:
 + Level 9.3 Fighting
 + Level 9.3 Short Blades
 + Level 9.3 Throwing
 + Level 9.1 Dodging
 - Level 18.0 Stealth


You had 8 spell levels left.
You didn't know any spells.

Dungeon Overview and Level Annotations

Branches:
Dungeon (1/1)

Altars:
Cheibriados
Dithmenos
Elyvilon
Fedhas
Gozag
Hepliaklqana
Kikubaaqudgha
Makhleb
Nemelex Xobeh
Okawaru
Qazlal
Ru
Sif Muna
Trog
Uskayaw
Vehumet
Wu Jian
Xom
Yredelemnul
Zin
The Shining One
Jiyva
Lugonu

Shops:
D !


Innate Abilities, Weirdness & Mutations

You cannot wear most types of armour.
You are very stealthy in the water. (Stealth+)
You are amphibious.
You can wear up to eight rings at the same time.
You can use your tentacles to constrict eight enemies at once.
Your skin changes colour to match your surroundings (Stealth+).
Your rubbery body absorbs attacks. (AC +1, EV +1)


Message History

Something hits you.
* * * LOW HITPOINT WARNING * * *
Something closely misses you. x2
There is an open door here.
Your skin crawls.
You feel resistant to hostile enchantments.
You feel somewhat more hungry. Something hits you.
* * * LOW HITPOINT WARNING * * *
A red film seems to cover your vision as you go berserk!
You feel yourself moving faster!
You feel mighty!
You feel a lot more hungry. Something hits you!
* * * LOW HITPOINT WARNING * * *
Something hits you!
* * * LOW HITPOINT WARNING * * *
You are too injured to fight recklessly!
You are too injured to fight recklessly!
You hit something but do no damage. Something hits you.
* * * LOW HITPOINT WARNING * * *
You hit something. Something hits you.
You die...

_##'#_.'§§§§§§..#
..'..._#§§§.§#..#
_##_.#'##+#####'###
_###+#.# #.'.# ##
### ###§# #.#
##########§#
#.......##§#
#......{{@§#
#+++######§#
J.J..§§#§# #§.#
####


There were no monsters in sight!

Vanquished Creatures
  2 centaur warriors (D)
  An oklob plant (D)
  A hornet (D)
  A slime creature (D)
  2 redbacks (D)
  A yak (D)
  Sigmund (D)
  A floating eye (D)
  An ogre (D)
  2 jellies (D)
  Ijyb (D)
14 creatures vanquished.

Notes
Turn   | Place    | Note
-------+----------+-------------------------------------------
     0 | D        | Groucho the Octopode Assassin began the quest for the Orb.
     0 | D        | Reached XP level 1. HP: 14/14 MP: 1/1
     2 | D        | Noticed Ijyb
    15 | D        | Killed Ijyb
    15 | D        | Reached skill level 9 in Stealth
    15 | D        | Reached XP level 2. HP: 18/19 MP: 2/2
    15 | D        | Reached XP level 3. HP: 22/24 MP: 3/3
   169 | D        | Noticed an ogre
   171 | D        | Killed an ogre
   171 | D        | Reached skill level 13 in Stealth
   171 | D        | Reached XP level 4. HP: 29/29 MP: 4/4
   188 | D        | Noticed Sigmund
   190 | D        | Killed Sigmund
   190 | D        | Reached skill level 16 in Stealth
   190 | D        | Reached XP level 5. HP: 34/34 MP: 5/5
   190 | D        | Reached XP level 6. HP: 39/39 MP: 6/6
   204 | D        | Found a deep blue altar of Sif Muna.
   205 | D        | Found an ornate altar of the Wu Jian Council.
   206 | D        | Found a radiant altar of Vehumet.
   210 | D        | Reached skill level 17 in Stealth
   244 | D        | Found Zonno's Distillery.
   244 | D        | Found an ancient bone altar of Kikubaaqudgha.
   244 | D        | Found a hazy altar of Hepliaklqana.
   244 | D        | Found a stormy altar of Qazlal.
   244 | D        | Found a hide-covered altar of Uskayaw.
   244 | D        | Found a blossoming altar of Fedhas.
   244 | D        | Found a bloodstained altar of Trog.
   244 | D        | Found an iron altar of Okawaru.
   244 | D        | Found a basalt altar of Yredelemnul.
   244 | D        | Found a glowing golden altar of the Shining One.
   244 | D        | Found a snail-covered altar of Cheibriados.
   244 | D        | Found a sacrificial altar of Ru.
   244 | D        | Found a glowing silver altar of Zin.
   244 | D        | Found a shadowy altar of Dithmenos.
   244 | D        | Found a white marble altar of Elyvilon.
   244 | D        | Noticed a yak
   245 | D        | Found an opulent altar of Gozag.
   246 | D        | Killed a yak
   246 | D        | Reached XP level 7. HP: 46/46 MP: 7/7
   247 | D        | Found a sparkling altar of Nemelex Xobeh.
   258 | D        | Became a worshipper of Trog the Wrathful
   274 | D        | Found a burning altar of Makhleb.
   274 | D        | Found a shimmering altar of Xom.
   274 | D        | Noticed a slime creature
   275 | D        | Found a viscous altar of Jiyva.
   275 | D        | Found a corrupted altar of Lugonu.
   284 | D        | Killed a slime creature
   284 | D        | Reached skill level 18 in Stealth
   533 | D        | Noticed a centaur warrior
   534 | D        | Noticed a centaur warrior
   535 | D        | Killed a centaur warrior
   535 | D        | Reached XP level 8. HP: 58/58 MP: 8/8
   536 | D        | Killed a centaur warrior
   536 | D        | Reached * piety under Trog
   536 | D        | Reached XP level 9. HP: 66/66 MP: 9/9
   550 | D        | Noticed a hornet
   553 | D        | Killed a hornet
   563 | D        | Noticed an oklob plant
   565 | D        | Killed an oklob plant
   571 | D        | Reached ** piety under Trog
   612 | D        | Reached *** piety under Trog
  1009 | D        | HP: 3/102 [something (8)]
  1011 | D        | Slain by an unseen horror

Skill      XL: |  1  2  3  4  5  6  7  8  9 |
---------------+----------------------------+-----
Stealth        | 9 13 16 17 18 | 18.0
Fighting       | 3 6 7 9 |  9.3
Short Blades   | 3 6 7 9 |  9.3
Throwing       | 3 6 7 9 |  9.3
Dodging        | 3 6 7 9 |  9.1

Action                   |  1- 3 |  4- 6 |  7- 9 || total
-------------------------+-------+-------+-------++-------
Melee: Dagger            |    13 |     3 |    23 ||    39
       Tentacles         |     1 |       |     6 ||     7
       Constrict         |     1 |       |       ||     1
Invok: Berserk           |       |       |     2 ||     2
       Trog's Hand       |       |       |     1 ||     1
  Use: Potion            |     1 |       |     2 ||     3
       Scroll            |       |       |     1 ||     1
 Stab: Sleeping          |     1 |     3 |     7 ||    11
  Eat: Ration            |       |       |     1 ||     1
Armor: Skin              |     1 |       |     1 ||     2
Dodge: Dodged            |     5 |       |    14 ||    19
